 Dungeon Crawl Stone Soup version 0.25-a0-661-g55ea3d2053 (webtiles) character file.

Game seed: 18326263368724463049, levelgen mode: deterministic

38807 Amnesiac the Messiah (level 14, -3/133 HPs)
             Began as a Hill Orc Monk on Mar 23, 2020.
             Was the Champion of Beogh.
             Slain by an eight-headed hydra (12 damage)
             ... on level 15 of the Dungeon.
             The game lasted 00:37:16 (14068 turns).

Amnesiac the Messiah (Hill Orc Monk)               Turns: 14068, Time: 00:37:17

Health: -3/133     AC:  7    Str: 19    XL:     14   Next: 3%
Magic:  35/35      EV: 12    Int: 10    God:    Beogh [******]
Gold:   768        SH:  9    Dex: 13    Spells: 13/13 levels left

rFire    . . .     SeeInvis .   a - +2 hand axe (elec)
rCold    . . .     Gourm    .   N - +0 kite shield
rNeg     . . .     Faith    +   y - +2 leather armour "Sytar" {MR++ Regen+}
rPois    +         Spirit   .   (no helmet)
rElec    .         Reflect  .   x - scarf {repulsion}
rCorr    .         Harm     .   H - +0 pair of gloves
MR       +++..                  (no boots)
Stlth    ++........             e - amulet of faith
HPRegen  0.72/turn              K - ring of magical power
MPRegen  0.24/turn              C - ring of poison resistance

@: repel missiles
A: walk on water
a: Smiting, Recall Orcish Followers, Give Item to Named Follower, Resurrection,
Renounce Religion


You were on level 15 of the Dungeon.
You worshipped Beogh.
Beogh was exalted by your worship.
You were hungry.

You visited 2 branches of the dungeon, and saw 16 of its levels.
You also visited: Sewer.

You collected 813 gold pieces.
You spent 45 gold pieces at shops.

Inventory:

Hand Weapons
 a - a +2 hand axe of electrocution (weapon)
 b - a +0 arbalest
 P - a +1 antimagic demon trident
Missiles
 t - 176 bolts
 E - 43 poisoned darts (quivered)
Armour
 n - a +0 plate armour
 o - a +2 leather armour of cold resistance
 x - a scarf of repulsion (worn)
 y - the +2 leather armour "Sytar" (worn) {MR++ Regen+}
   (You found it on level 5 of the Dungeon)

   It affects your resistance to hostile enchantments.
   It increases your rate of regeneration.
 H - a +0 pair of gloves (worn)
 N - a +0 kite shield (worn)
 O - the +3 plate armour of Xifolir {+Blink rElec rPois MP+9, unknown}
   (You found it on level 15 of the Dungeon)

   It insulates you from electricity.
   It protects you from poison.
   It affects your magic capacity (+9).
   It lets you blink.
Jewellery
 e - an amulet of faith (around neck)
 q - an uncursed amulet of the acrobat {unknown}
 u - an uncursed ring of flight
 C - a ring of poison resistance (right hand)
 K - a ring of magical power (left hand)
 R - a +3 ring of intelligence
 S - an uncursed ring of protection from fire
Wands
 v - a wand of flame (17)
 z - a wand of digging (5)
 G - a wand of enslavement (5)
 Q - a wand of polymorph (13)
Scrolls
 d - 4 scrolls of enchant weapon {!r}
 i - 5 scrolls of teleportation {!r}
 j - a scroll of enchant armour {!r}
 k - 2 scrolls of amnesia {!r}
 l - 3 scrolls of remove curse {!r}
 p - 2 scrolls of identify {!r}
 B - a scroll of fog {!r}
 F - 5 scrolls of blinking {!r}
 L - 4 scrolls of magic mapping {!r}
 M - 3 scrolls of acquirement {!r}
Potions
 f - a potion of berserk rage {!q}
 g - 2 potions of haste {!q}
 h - 8 potions of curing {!q}
 m - 4 potions of might {!q}
 s - 3 potions of heal wounds {!q}
 w - 5 potions of brilliance {!q}
 A - 2 potions of cancellation {!q}
 D - 2 potions of flight {!q}
 I - 2 potions of mutation {!q}
Comestibles
 c - 21 rations


   Skills:
 - Level 14.5 Fighting
 - Level 14.0 Axes
 - Level 7.0 Armour
 - Level 5.0 Dodging
 - Level 1.5 Stealth
 * Level 3.1 Shields
 + Level 17.2 Invocations
 - Level 5.0 Evocations


You had 13 spell levels left.
You didn't know any spells.
Your spell library contained the following spells:

 Spells                   Type           Power        Failure   Level  Hunger
 Inner Flame              Hex/Fire       #.......     99%         3    ####...
 Summon Guardian Golem    Hex/Summ       #.......     99%         3    ####...
 Cause Fear               Hex            #.........   100%        4    #####..
 Leda's Liquefaction      Hex/Erth       #.........   100%        4    #####..
 Lee's Rapid Deconstruct  Erth           #.........   100%        5    ######.
 Metabolic Englaciation   Hex/Ice        #.........   100%        5    ######.
 Silence                  Hex/Air        #.........   100%        5    ######.
 Yara's Violent Unravell  Hex/Tmut       #.........   100%        5    ######.
 Deflect Missiles         Chrm/Air       #.........   100%        6    #######
 Iron Shot                Conj/Erth      #.........   100%        6    #######
 Discord                  Hex            #.........   100%        8    #######


Dungeon Overview and Level Annotations

Branches:
Dungeon (15/15)            Temple (1/1) D:4            Lair (0/6) D:11
    Orc (0/2) D:12         Vaults (0/5) D:14          Sewer (visited)
 Depths: D:15

Altars:
Ashenzari
Cheibriados
Dithmenos
Elyvilon
Fedhas
Gozag
Hepliaklqana
Kikubaaqudgha
Makhleb
Nemelex Xobeh
Okawaru
Qazlal
Ru
Sif Muna
Trog
Uskayaw
Vehumet
Wu Jian
Xom
Yredelemnul
Zin
The Shining One

Shops:
D:8 ?   D:9 =

Annotations:
D:6 Maggie


Message History

Aim: an eight-headed hydra (severely wounded, fast, lightly drained, fleeing)
The fireball explodes!
The fireball engulfs the eight-headed hydra!
The eight-headed hydra is severely wounded.
You see here a necrophage corpse.
A troll comes into view.
The troll shouts!
Found a runed chain mail.
You block the troll's attack. The troll barely misses you. The troll claws you!
* * * LOW HITPOINT WARNING * * *
You see here a slimy plate armour.
O - a slimy plate armour You block the troll's attack.
The troll misses you. The troll barely misses you.
The troll closely misses you. You block the troll's attack.
The troll claws you but does no damage.
The eight-headed hydra is no longer moving quickly.
The eight-headed hydra seems less drained.
Evoke which item? (* to show all) (? for menu, Esc to quit)
Aiming: Random Effects
Press: ? - help, Shift-Dir - straight line, f/p - eight-headed hydra
Aim: an eight-headed hydra (moderately wounded)
The puff of flame misses the eight-headed hydra.
The puff of flame hits the troll.
The troll is lightly wounded.
Evoke which item? (* to show all) (? for menu, Esc to quit)
Aiming: Random Effects
Press: ? - help, Shift-Dir - straight line, f/p - eight-headed hydra
Aim: an eight-headed hydra (moderately wounded)
The eight-headed hydra seems to speed up.
The now-empty wand crumbles to dust.
You block the eight-headed hydra's attack.
The eight-headed hydra bites you!
* * * LOW HITPOINT WARNING * * *
You block the eight-headed hydra's attack.
The eight-headed hydra bites you!
* * * LOW HITPOINT WARNING * * *
The eight-headed hydra bites you!
* * * LOW HITPOINT WARNING * * *
The eight-headed hydra bites you but does no damage.
You block the eight-headed hydra's attack.
The eight-headed hydra completely misses you.
Really read
r - 2 scrolls of fear {!r}?
As you read the scroll of fear {!r}, it crumbles to dust.
You assume a fearsome visage.
The eight-headed hydra looks frightened!
The troll looks frightened!
Cornered, the eight-headed hydra turns to fight!
The eight-headed hydra misses you.
You block the eight-headed hydra's attack.
The eight-headed hydra bites you.
* * * LOW HITPOINT WARNING * * *
The eight-headed hydra bites you but does no damage.
You block the eight-headed hydra's attack. x2
The eight-headed hydra closely misses you.
The eight-headed hydra barely misses you.
Really read
r - a scroll of fear {!r}?
As you read the scroll of fear {!r}, it crumbles to dust.
You assume a fearsome visage.
The eight-headed hydra resists with some effort.
The eight-headed hydra bites you.
* * * LOW HITPOINT WARNING * * *
The eight-headed hydra bites you!
You die...

###... ##.#
#.# #<#
########.#
#........#
#..######
#.########
#.......# #.#
#@# #.# #D#.#
#.# #.#.# #.#
#T#.# #.#
#.#.# #.#
#.#.# #†#
#.#.# #.#
###.#.#####.#
#...........#


You could see an eight-headed hydra and a troll (fleeing).

Vanquished Creatures
  Kirke (D:12)
  Erolcha (D:9)
  A vault guard (D:14)
  2 centaur warriors (D:13)
  Erica (D:9)
  Urug (D:10)
  An orc knight (D:12)
  2 unseen horrors
  A wizard (D:11)
  Pikel (D:5)
  3 deep elf magi
  3 ugly things
  A manticore (D:13)
  3 cyclopes
  A black mamba (shapeshifter) (D:11)
  A gargoyle (D:12)
  A kobold demonologist (D:13)
  4 yaktaurs
  2 trolls
  3 meliai
  2 hornets
  A blink frog (shapeshifter) (D:13)
  4 slime creatures (D:13)
  2 hippogriffs
  4 hogs (D:12)
  3 shadows
  2 basilisks
  5 humans
  11 yaks
  2 wraiths
  3 wyverns
  6 vampire mosquitoes (D:14)
  2 wargs (D:12)
  3 porcupines (D:11)
  2 water moccasins
  4 slaves
  4 ice beasts
  4 sky beasts
  3 phantoms
  3 orc warriors
  2 eyes of draining (D:10)
  2 black bears
  6 ogres
  A necrophage (D:15)
  8 centaurs
  2 crocodiles
  4 big kobolds
  14 bullfrogs
  3 scorpions
  A killer bee (D:9)
  4 howler monkeys
  5 wights (D:6)
  2 electric eels (D:12)
  4 centaur zombies
  3 bullfrog zombies
  7 crimson imps
  9 hounds
  6 jellies
  6 centaur skeletons
  5 bullfrog skeletons
  4 iguanas
  9 worker ants
  2 orc wizards (D:8)
  A hound zombie (D:11)
  2 hound skeletons
  3 worker ant zombies
  8 gnolls
  13 adders
  5 river rats (Sewer)
  2 shadow imps
  6 oozes
  7 worms
  2 dart slugs
  11 leopard geckos
  30 orcs
  7 bats
  5 giant cockroaches
  4 goblins
  6 hobgoblins
  14 jackals
  26 kobolds
  6 quokkas
  6 ball pythons
  5 frilled lizards
  A leopard gecko zombie (D:8)
  31 rats
  A plant (D:11)
415 creatures vanquished.

Vanquished Creatures (collateral kills)
  Rupert (D:13)
  Jorgrun (D:13)
  4 centaur warriors
  A two-headed ogre (D:13)
  2 phantasmal warriors (D:15)
  A deep elf mage (D:11)
  A cyclops (D:12)
  2 manticores (D:14)
  A centaur skeleton (D:14)
  An efreet (D:13)
  2 trolls
  3 meliai
  3 slime creatures (D:14)
  2 hippogriffs
  A shadow (D:12)
  A hog (D:12)
  7 humans (D:14)
  4 vampire mosquitoes (D:14)
  A warg (D:15)
  2 soldier ants
  A centaur (D:11)
  A wyvern skeleton (D:14)
  A scorpion (D:12)
  A howler monkey (D:13)
  2 crimson imps
  An orc priest (D:15)
  An adder (D:11)
49 creatures vanquished.

Vanquished Creatures (others)
  4 orc knights
  A hippogriff (D:14)
  An orc warrior (D:12)
  2 orc priests (D:13)
  3 orc wizards
  15 orcs
  4 fungi
30 creatures vanquished.

Grand Total: 494 creatures vanquished

Notes
Turn   | Place    | Note
-------+----------+-------------------------------------------
     0 | D:1      | Amnesiac the Hill Orc Monk began the quest for the Orb.
     0 | D:1      | Reached XP level 1. HP: 19/19 MP: 1/1
   192 | D:2      | Reached skill level 5 in Axes
   192 | D:2      | Reached XP level 2. HP: 11/26 MP: 2/2
   203 | D:3      | HP: 1/26 [poisoned by an adder]
   552 | D:3      | Reached XP level 3. HP: 31/31 MP: 3/3
  1309 | D:2      | Found a radiant altar of Vehumet.
  1355 | D:2      | Reached XP level 4. HP: 30/39 MP: 4/4
  2022 | D:3      | Reached XP level 5. HP: 45/45 MP: 5/5
  2504 | D:5      | Entered Level 5 of the Dungeon
  2575 | D:4      | Reached XP level 6. HP: 51/51 MP: 6/6
  2634 | D:4      | Noticed a phantom
  2864 | D:4      | Reached skill level 10 in Axes
  2864 | D:4      | Reached XP level 7. HP: 54/57 MP: 7/7
  3177 | D:4      | Found a hide-covered altar of Uskayaw.
  3204 | D:4      | Found a staircase to the Ecumenical Temple.
  3685 | D:12     | Identified a paperback manual
  3685 | Temple   | Entered the Ecumenical Temple
  4125 | D:5      | Reached XP level 8. HP: 37/64 MP: 8/8
  4471 | D:5      | Found a sacrificial altar of Ru.
  4471 | D:5      | Found an iron altar of Okawaru.
  4471 | D:5      | Found a shimmering altar of Xom.
  4912 | D:5      | Noticed Pikel
  4945 | D:5      | Killed Pikel
  5030 | D:5      | Got a crude leather armour
  5186 | D:6      | Noticed Maggie
  5271 | D:6      | Reached XP level 9. HP: 49/73 MP: 9/9
  5296 | D:6      | Reached skill level 5 in Fighting
  5368 | D:6      | Found a blossoming altar of Fedhas.
  5446 | D:6      | Found a glowing drain.
  5461 | Sewer    | Entered a sewer
  6066 | D:6      | Identified the +2 leather armour "Sytar" {MR++ Regen+} (You
                  | found it on level 5 of the Dungeon)
  6359 | D:7      | Reached skill level 10 in Fighting
  6430 | D:7      | Noticed a troll
  6436 | D:7      | Killed a troll
  6436 | D:7      | Reached XP level 10. HP: 74/93 MP: 7/11
  6807 | D:8      | Found Qaonelaxiwk's Magic Scroll Shoppe.
  6810 | D:8      | Bought a scroll of magic mapping for 45 gold pieces
  6907 | D:8      | Reached skill level 5 in Evocations
  7010 | D:8      | Found a bloodstained altar of Trog.
  7030 | D:8      | Reached skill level 1 in Armour
  7275 | D:9      | Found Noost's Jewellery Shoppe.
  7320 | D:9      | Noticed Erica
  7343 | D:9      | Killed Erica
  7343 | D:9      | Reached skill level 5 in Armour
  7581 | D:9      | Noticed Erolcha
  7597 | D:9      | Killed Erolcha
  7638 | D:9      | Became a worshipper of Beogh the Brigand
  7638 | D:9      | Reached * piety under Beogh
  7638 | D:9      | Reached ** piety under Beogh
  7980 | D:10     | Entered Level 10 of the Dungeon
  8001 | D:10     | Reached XP level 11. HP: 102/102 MP: 14/14
  8031 | D:10     | Noticed Urug
  8065 | D:10     | Killed Urug
  8506 | D:10     | Killed an unseen horror
  8682 | D:10     | Reached *** piety under Beogh
  8888 | D:11     | Noticed a wizard
  8889 | D:11     | Noticed a deep elf mage
  8892 | D:11     | Killed a wizard
  8892 | D:11     | Reached skill level 3 in Invocations
  8894 | D:11     | Identified Sif Muna's Almanac of Sand
  8896 | D:11     | Noticed a deep elf mage
  8905 | D:11     | Killed a deep elf mage
  8905 | D:11     | Reached skill level 4 in Invocations
  8905 | D:11     | Gained Brandogh as an ally
  8911 | D:11     | Killed a deep elf mage
  8911 | D:11     | Reached skill level 5 in Invocations
  8926 | D:11     | Identified Ipibro's Almanac of Plaster Cramp
  8941 | D:11     | Noticed a cyclops
  8950 | D:11     | Killed a cyclops
  8950 | D:11     | Reached skill level 6 in Invocations
  9065 | D:11     | Reached skill level 7 in Invocations
  9087 | D:11     | Your ally Brandogh died
  9148 | D:11     | Reached skill level 8 in Invocations
  9255 | D:11     | Reached XP level 12. HP: 45/112 MP: 18/18
  9261 | D:11     | Reached skill level 9 in Invocations
  9274 | D:11     | HP: 5/112 [something (5)]
  9486 | D:11     | Reached skill level 10 in Invocations
  9501 | D:11     | Identified Ts'ui Pên's Catalogue of Forking Paths
  9602 | D:11     | Found a shattered altar of Ashenzari.
  9639 | D:11     | Found a staircase to the Lair.
  9672 | D:11     | Reached skill level 11 in Invocations
 10109 | D:11     | Reached **** piety under Beogh
 10503 | D:12     | Reached skill level 12 in Invocations
 10641 | D:12     | Noticed Kirke
 10657 | D:12     | Killed Kirke
 10657 | D:12     | Reached skill level 13 in Invocations
 10671 | D:12     | Reached skill level 14 in Invocations
 10744 | D:12     | Found a staircase to the Orcish Mines.
 11003 | D:11     | Reached ***** piety under Beogh
 11312 | D:12     | Reached skill level 15 in Invocations
 11421 | D:13     | Reached skill level 5 in Dodging
 11421 | D:13     | Reached XP level 13. HP: 110/118 MP: 24/24
 11469 | D:13     | Got a translucent jade amulet
 11494 | D:13     | Identified the amulet "Rianause" {rC+ Regen+} (You found it
                  | on level 13 of the Dungeon)
 11499 | D:13     | Identified a scroll of acquirement {!r}
 12186 | D:13     | Noticed Rupert
 12201 | D:13     | Killed Rupert
 12201 | D:13     | Reached skill level 16 in Invocations
 12471 | D:13     | Noticed Jorgrun
 12483 | D:13     | Killed Jorgrun
 12873 | D:14     | Noticed a vault guard
 12886 | D:14     | Killed a vault guard
 12886 | D:14     | Reached skill level 17 in Invocations
 12974 | D:14     | Reached skill level 1 in Shields
 13023 | D:14     | Reached ****** piety under Beogh
 13030 | D:14     | Found a gate to the Vaults.
 13470 | D:14     | Found a shimmering blue altar of Sif Muna.
 13515 | D:15     | Entered Level 15 of the Dungeon
 13543 | D:15     | Gained Bolgrim as an ally
 13636 | D:15     | Reached XP level 14. HP: 21/133 MP: 26/26
 14056 | D:15     | Got a slimy plate armour
 14063 | D:15     | Your ally Bolgrim died
 14068 | D:15     | Slain by an eight-headed hydra

Levels and vault maps discovered:
D:1:      dpeg_arrival_water_temple_mockup, layout_loops_ring
D:2:      layout_rooms, vehumet_crystals, minmay_vboxes
D:3:      layout_basic, first_ration, mrwooster_statue_mirror
D:4:      layout_loops_ring, marbit_many_paths, temple_green,
          kennysheep_generic_room_4
D:5:      layout_rooms, gammafunk_temple_overflow_claw, uniq_pikel
D:6:      layout_cave_pools, cheibrodos_sewer_entry_bend, fedhas_altar_3,
          uniq_maggie
D:7:      layout_rooms
D:8:      layout_rooms, lightli_temple_of_fire, serial_shops,
          kennysheep_mini_moat
D:9:      layout_basic, serial_shops, nicolae_shop_stone,
          hangedman_little_slice_of_home, minmay_between, uniq_erica,
          uniq_erolcha
D:10:     layout_roguey, uniq_urug
D:11:     hangedman_cross_stitches, layout_layer_cave, minmay_lair_entry_grove,
          basic_altar, bh_hangedman_babel_library
D:12:     layout_big_octagon, david_orc_3, uniq_kirke
D:13:     layout_irregular_city, uniq_rupert, uniq_jorgrun
D:14:     layout_basic, ximxim_vaults_locker_room, lemuel_blue_sif_altar
D:15:     gammafunk_enter_depths_forms, layout_loops_ring,
          hangedman_decor_riveting
Temple:   kb_temple_of_zot

Skill      XL: |  1  2  3  4  5  6  7  8  9 10 11 12 13 14 |
---------------+-------------------------------------------+-----
Axes           | 5 6 7 8 10 11 14 | 14.0
Fighting       | 4 10 11 12 14 | 14.5
Evocations     | 2 5 |  5.0
Armour         | 5 7 |  7.0
Dodging        | 4 5 |  5.0
Invocations    | 8 15 17 | 17.2
Shields        | 2 3 |  3.1
Stealth        | |  1.5

Action                   |  1- 3 |  4- 6 |  7- 9 | 10-12 | 13-15 || total
-------------------------+-------+-------+-------+-------+-------++-------
Melee: Hand axe          |    72 |   110 |   326 |   596 |   249 ||  1353
 Fire: Arbalest          |       |       |    43 |       |       ||    43
Throw: Dart              |       |       |       |     8 |       ||     8
Invok: Convert to Beogh  |       |       |       |     1 |       ||     1
       Smiting           |       |       |       |     3 |       ||     3
Evoke: Wand              |       |       |     1 |     6 |    21 ||    28
  Use: Scroll            |       |     3 |     9 |     1 |    12 ||    25
       Potion            |       |       |     2 |     2 |     4 ||     8
 Stab: Sleeping          |     8 |       |     2 |     6 |     1 ||    17
       Distracted        |     1 |       |       |     2 |     3 ||     6
       Confused          |       |       |       |     4 |       ||     4
  Eat: Chunk             |     1 |     5 |     8 |    16 |     8 ||    38
       Ration            |       |       |     1 |       |       ||     1
Armor: Robe              |     8 |     3 |       |       |       ||    11
       Ring mail         |       |    17 |    59 |       |       ||    76
       Leather armour    |       |       |     6 |    94 |    43 ||   143
Dodge: Dodged            |    48 |    61 |   143 |   246 |   155 ||   653
       Deflected         |       |       |     1 |    29 |    15 ||    45
Block: Kite shield       |       |       |       |       |    17 ||    17

Table legend:
 A = Non-vault XP
 B = Vault XP
 C = Vault XP percentage of total XP
 D = Non-vault monster count
 E = Vault monster count
 F = Vault count percentage of total count
                 A         B        C        D         E       F
            +---------+---------+-------+---------+---------+-------
      Total |   35976 |   19463 |  35.1 |     344 |     115 |  25.1
            +---------+---------+-------+---------+---------+-------
        D:1 |      12 |       0 |   0.0 |       7 |       0 |   0.0
        D:2 |      92 |       2 |   2.1 |      28 |       2 |   6.7
        D:3 |      98 |       2 |   2.0 |      18 |       1 |   5.3
        D:4 |     790 |       4 |   0.5 |      27 |       2 |   6.9
        D:5 |     619 |     586 |  48.6 |      18 |       1 |   5.3
        D:6 |     788 |      10 |   1.3 |      19 |       2 |   9.5
        D:7 |    1333 |       0 |   0.0 |      28 |       0 |   0.0
        D:8 |     985 |       0 |   0.0 |      31 |       0 |   0.0
        D:9 |    1361 |    1979 |  59.3 |      13 |      11 |  45.8
       D:10 |    3773 |     958 |  20.2 |      31 |       2 |   6.1
       D:11 |    4879 |    5150 |  51.4 |      23 |      24 |  51.1
       D:12 |    4775 |    3338 |  41.1 |      34 |       8 |  19.0
       D:13 |    9695 |    4460 |  31.5 |      28 |       2 |   6.7
       D:14 |    4417 |    2657 |  37.6 |      25 |      12 |  32.4
       D:15 |    2359 |       0 |   0.0 |      14 |       0 |   0.0
      Sewer |       0 |     317 | 100.0 |       0 |      48 | 100.0
            +---------+---------+-------+---------+---------+-------
